 Dungeon Crawl Stone Soup version 0.31-a0-819-gf6de2f5ab6 (webtiles) character file.

Game seed: 7455986067638772072

120185 Pooter the Severer (level 16, -31/152 HPs)
             Began as a Minotaur Fighter on Sept 23, 2023.
             Was a High Priest of Okawaru.
             Annihilated by quinnr's ghost (77 damage)
             ... on level 1 of the Snake Pit on Sept 24, 2023.
             The game lasted 02:39:06 (40038 turns).

Pooter the Severer (Minotaur Fighter)              Turns: 40038, Time: 02:39:07

Health: -31/152    AC: 23    Str: 31    XL:     16   Next: 29%
Magic:  21/23      EV: 14    Int:  5    God:    Okawaru [*****.]
Gold:   178        SH:  0    Dex: 14    Spells: 15/15 levels left

rFire   . . .        b - +6 arbalest "Damnation" {damnation}
rCold   . . .        (shield currently unavailable)
rNeg    . . .        e - +1 plate armour {Will+}
rPois   +            (helmet restricted)
rElec   .            j - +0 cloak
rCorr   .            l - +0 pair of gloves
SInv    .            J - +2 pair of boots
Will    ++...        s - amulet of regeneration Stlth
                     P - ring of poison resistance
HPRegen 1.25/turn    p - +6 ring of strength
MPRegen 0.18/turn

%: no passive effects
@: lethally poisoned (-31 -> -32), heroic
A: horns 2, retaliatory headbutt
a: Renounce Religion, Heroism, Finesse, Duel


You were on level 1 of the Snake Pit.
You worshipped Okawaru.
Okawaru was extremely pleased with you.
You visited 5 branches of the dungeon, and saw 24 of its levels.
You also visited: Ice Cave.

You collected 2742 gold pieces.
You spent 2564 gold pieces at shops.

Inventory:

Hand Weapons
 a - a +3 heavy battleaxe
   (You took it off an orc high priest on level 2 of the Orcish Mines)
 b - the +6 arbalest "Damnation" (weapon) {damnation}
   (Okawaru gifted it to you on level 1 of the Orcish Mines)
 c - the +7 flail of Inconvenience {freeze, Str+3}
   (You found it on level 1 of the Lair of Beasts)

   Str+3:     It affects your strength (+3).
 V - a +1 dire flail of holy wrath
   (You took it off a tengu warrior on level 14 of the Dungeon)
 X - a +4 spectral war axe
Missiles
 C - 10 boomerangs
 E - 7 curare-tipped darts
 K - 5 atropa-tipped darts
 M - 3 javelins
 Z - 7 silver javelins
Armour
 e - a +1 plate armour of willpower (worn)
   (You took it off an orc warrior on level 11 of the Dungeon)
 j - a +0 cloak (worn)
   (You found it on level 2 of the Dungeon)
 l - a +0 pair of gloves (worn)
   (You found it on level 2 of the Dungeon)
 v - the +9 plate armour "Offef" {rC+ Regen+ Str+3 Int-5}
   (Okawaru gifted it to you on level 1 of the Orcish Mines)

   Str+3:     It affects your strength (+3).
   Int-5:     It affects your intelligence (-5).
   rC+:       It protects you from cold.
   Regen+:    It increases your rate of health regeneration.
 J - a +2 pair of boots (worn)
   (You found it on level 7 of the Dungeon)
Jewellery
 p - a +6 ring of strength (right hand)
   (You found it on level 2 of the Dungeon)
 s - an amulet of regeneration (around neck)
   (You found it on level 4 of the Lair of Beasts)
 F - the ring of Eghutane {rF+ Will+}
   (You bought it in a shop on level 5 of the Dungeon)

   [ring of willpower]

   rF+:       It protects you from fire.
   Will+:     It increases your willpower.
 I - the ring "Cutosiargh" {Wiz rF++ rC+ rCorr}
   (You took it off a tengu conjurer on level 14 of the Dungeon)

   [ring of wizardry]

   Wiz:       It improves your spell success rate.
   rF++:      It greatly protects you from fire.
   rC+:       It protects you from cold.
   rCorr:     It protects you from acid and corrosion.
 L - a ring of flight
   (You found it on level 9 of the Dungeon)
 N - a ring of positive energy
   (You found it in an ice cave)
 O - a ring of willpower
   (You found it on level 10 of the Dungeon)
 P - a ring of poison resistance (left hand)
   (You bought it in a shop on level 2 of the Orcish Mines)
 S - a ring of protection from cold
   (You found it in an ice cave)
 W - a +6 ring of intelligence
   (You found it on level 3 of the Lair of Beasts)
Wands
 d - a wand of iceblast (7)
   (You found it on level 5 of the Lair of Beasts)
 f - a wand of flame (7)
   (You found it on level 13 of the Dungeon)
 u - a wand of paralysis (11)
   (You found it on level 12 of the Dungeon)
 D - a wand of digging (10)
   (You found it on level 1 of the Lair of Beasts)
 G - a wand of light (6)
   (You bought it in a shop on level 5 of the Dungeon)
 T - a wand of polymorph (17)
   (You took it off Jeremiah on level 7 of the Dungeon)
 Y - a wand of mindburst (5)
   (You took it off a human on level 5 of the Lair of Beasts)
Scrolls
 g - 2 scrolls of poison {!r}
 i - a scroll of identify {@r1}
 k - a scroll of immolation {!r}
 m - a scroll of fog
 r - 6 scrolls of revelation
 t - 14 scrolls of teleportation {@r4}
 y - 2 scrolls of noise {!r}
 z - a scroll of silence
 R - a scroll of blinking
 U - 4 scrolls of fear
Potions
 h - 3 potions of lignification {!q}
 n - 3 potions of cancellation
 o - 6 potions of heal wounds {@q2}
 q - 13 potions of curing {@q1}
 w - 3 potions of attraction {!q}
 A - 2 potions of invisibility
 B - 4 potions of might
 H - 2 potions of mutation {!q}
 Q - 2 potions of haste {@q3}
Miscellaneous
 x - a condenser vane
   (You found it on level 5 of the Lair of Beasts)


   Skills:
 + Level 16.5(21.5) Fighting
 * Level 17.8(22.8) Axes
 * Level 15.8(20.8) Ranged Weapons
 - Level 8.0(13.0) Armour
 - Level 8.5(13.5) Dodging
 - Level 3.6(8.6) Shields
 - Level 11.1 Invocations
 - Level 7.9 Evocations


You had 15 spell levels left.
You didn't know any spells.
Your spell library contained the following spells:

 Spells                   Type           Power      Damage    Failure   Level
 Foxfire                  Conj/Fire      0%         2x1d4     97%         1
 Freeze                   Ice            0%         1d3       97%         1
 Slow                     Hex            0%         N/A       97%         1
 Cigotuvi's Dreadful Rot  Necr/Pois/Air  0%         N/A       99%         2
 Lesser Beckoning         Tloc           0%         N/A       99%         2
 Confusing Touch          Hex            0%         N/A       100%        3
 Frozen Ramparts          Ice            0%         1d1       100%        3
 Gell's Gravitas          Tloc           0%         N/A       100%        3
 Hailstorm                Conj/Ice       0%         3d3       100%        3
 Ignite Poison            Fire/Tmut/Pois 0%         N/A       100%        3
 Sigil of Binding         Hex            0%         N/A       100%        3
 Teleport Other           Tloc           0%         N/A       100%        3
 Vampiric Draining        Necr           0%         2d6       100%        3
 Volatile Blastmotes      Fire/Tloc      0%         2d10      100%        3
 Dimensional Bullseye     Hex/Tloc       0%         N/A       100%        4
 Fulminant Prism          Conj/Hex       0%         3d5       100%        4
 Iskenderun's Mystic Bla  Conj/Tloc      0%         2d3       100%        4
 Leda's Liquefaction      Hex/Erth       0%         N/A       100%        4
 Manifold Assault         Tloc           0%         N/A       100%        4
 Freezing Cloud           Conj/Ice/Air   0%         6-21      100%        5
 Dispersal                Tloc           0%         N/A       100%        6
 Plasma Beam              Fire/Air       0%         2x1d10    100%        6
 Starburst                Conj/Fire      0%         6d3       100%        6
 Disjunction              Tloc           0%         N/A       100%        8
 Lehudib's Crystal Spear  Conj/Erth      0%         10d2      100%        8
 Fire Storm               Conj/Fire      0%         5d1       100%        9
 Call Canine Familiar     Summ           Unusable   N/A       N/A         3
 Summon Ice Beast         Ice/Summ       Unusable   N/A       N/A         4
 Simulacrum               Ice/Necr       Unusable   N/A       N/A         6

Dungeon Overview and Level Annotations

Branches:
Dungeon (15/15) Zot: 23731  Temple (1/1) D:4 Zot: 5967    Lair (5/5) D:9 Zot: 15702
  Swamp (0/4) Lair:2        Snake (1/4) Lair:2 Zot: 3961   Slime (0/5) Lair:4
    Orc (2/2) D:12 Zot: 9852     Elf (0/3) Orc:2        Vaults (0/5) D:13
 Depths (0/4) D:15          IceCv (visited)

Altars:
Ashenzari
Cheibriados
Dithmenos
Elyvilon
Fedhas
Gozag
Hepliaklqana
Kikubaaqudgha
Makhleb
Nemelex Xobeh
Okawaru
Qazlal
Ru
Sif Muna
Trog
Uskayaw
Vehumet
Wu Jian
Xom
Yredelemnul
Zin
The Shining One

Shops:
D:5 *   D:9 *   D:10 ?   Orc:1 (   Orc:2 *[*?=

Annotations:
D:10 exclusion: obsidian statue
Snake:1 quinnr's ghost, journeyman TeAE


Innate Abilities, Weirdness & Mutations

You have a pair of horns on your head.
You reflexively headbutt those who attack you in melee.


Message History

You shoot a damnation bolt.
The damnation bolt misses quinnr's ghost.
Quinnr's ghost gestures wildly while chanting.
Quinnr's ghost puts on a burst of speed!
Quinnr's ghost hits you.
You shoot a damnation bolt. The damnation bolt hits quinnr's ghost!
The damnation bolt explodes!
The damnation engulfs quinnr's ghost!
Quinnr's ghost barely misses you.
You shoot a damnation bolt.
The damnation bolt misses quinnr's ghost.
Quinnr's ghost hits you but does no damage.
You shoot a damnation bolt.
The damnation bolt misses quinnr's ghost.
Quinnr's ghost hits you but does no damage.
Quinnr's ghost mumbles some strange words.
Quinnr's ghost begins to radiate toxic energy.
You are poisoned.
You shoot a damnation bolt.
The damnation bolt completely misses quinnr's ghost.
You feel sick.
Quinnr's ghost casts a spell.
Quinnr's ghost emits a burst of electricity!
You are struck by an electric surge!!
Unknown command.
Unknown command.
You gain the combat prowess of a mighty hero.
You feel sick.
Quinnr's ghost gestures wildly while chanting.
Quinnr's ghost emits a burst of electricity!
You are struck by an electric surge!!!!
Ouch! That really hurt!
* * * LOW HITPOINT WARNING * * *
You shoot a damnation bolt.
The damnation bolt completely misses quinnr's ghost.
You feel sick.
* * * LOW HITPOINT WARNING * * *
You are more poisoned.
Quinnr's ghost closely misses you. You furiously retaliate!
You headbutt quinnr's ghost!
Quinnr's ghost hits you but does no damage.
You shoot a damnation bolt.
The damnation bolt completely misses quinnr's ghost.
You feel sick.
* * * LOW HITPOINT WARNING * * *
* * * LOW HITPOINT WARNING * * *
Quinnr's ghost mumbles some strange words.
Quinnr's ghost emits a burst of electricity!
You are struck by an electric surge!!!!
Ouch! That really hurt!
You die...

........##....
#####..............
#"}|#........#.....
#.~.#........+.....
#.~.#........#.....
#
#.~.#........)...##
#.
#.~.#.#####...####
#.. ##W##.....+.).#
#... #.@.....###..##
#....##........)).##
#.............)..##
#.###............#
#........).###...
#..........'......
..........###8.....
.........##.. ......
.#...#.#..# .##
#...#


You could see quinnr's ghost (swift, toxic aura).

Vanquished Creatures
  Saint Roka (Orc:1)
  Rupert (Snake:1)
  Kirke (Arena)
  An orc warlord (Orc:1)
  A white draconian (IceCv)
  Snorg (D:10)
  4 vault guards (D:13)
  A catoblepas (D:14)
  11 hydras
  Harold (D:11)
  Erica (D:8)
  4 centaur warriors (D:13)
  8 two-headed ogres
  3 boulder beetles
  12 death yaks
  2 naga warriors (Snake:1)
  6 tengu warriors
  4 orc high priests (Orc:2)
  2 skysharks
  Amaemon (Lair:2)
  4 skeletal warriors (D:12)
  Sonja (Lair:5)
  2 wizards (D:15)
  A deep elf zephyrmancer (D:15)
  A mana viper (Snake:1)
  An orc knight (Orc:2)
  4 deep elf pyromancers
  A necromancer (D:15)
  Pikel (D:7)
  2 wolf spiders (Lair:5)
  12 ugly things
  5 orc sorcerers
  4 manticores
  2 cyclopes
  4 naga magi (Snake:1)
  19 black mambas
  12 elephants
  A guardian serpent (Lair:5)
  2 ice statues (IceCv)
  Jeremiah (D:7)
  3 centaur zombies (D:15)
  14 cane toads
  2 torpor snails
  Maggie (D:6)
  A cane toad (shapeshifter) (D:14)
  A gargoyle (D:10)
  5 rime drakes
  An orange demon (Lair:2)
  An unseen horror (D:12)
  A centaur skeleton (D:15)
  6 komodo dragons
  3 freezing wraiths
  3 tengu conjurers
  6 meliai
  9 trolls
  8 polar bears
  5 hornets
  11 dream sheep
  6 slime creatures
  10 blink frogs
  Sigmund (D:5)
  A centaur simulacrum (D:10)
  2 vampires
  2 water elementals (D:12)
  2 wraiths
  15 wyverns
  4 humans (Lair:5)
  23 yaks
  A fire bat (D:12)
  Eustachio (D:5)
  Grum (D:8)
  2 basilisks
  2 redbacks (Lair:5)
  4 steam dragons
  6 vampire mosquitoes
  A warg (shapeshifter) (D:13)
  3 wargs (Orc:1)
  9 nagas (Snake:1)
  A swamp worm (Lair:2)
  An acid dragon (D:13)
  35 water moccasins
  32 orc warriors
  2 black bears (D:9)
  A meliai simulacrum (D:14)
  2 ice beasts
  A sky beast (D:7)
  9 ogres
  20 wolves
  13 centaurs
  2 phantoms (D:6)
  2 lemures (D:7)
  14 bullfrogs
  2 kobold brigands
  3 gnoll sergeants
  5 scorpions
  2 elephant simulacra (Lair:2)
  2 lindwurm simulacra (IceCv)
  13 killer bees
  4 howler monkeys
  3 electric eels (D:12)
  4 hounds
  5 komodo dragon simulacra (IceCv)
  3 jellies
  41 orc priests
  2 sleepcaps
  A gnoll bouda (D:5)
  7 iguanas
  12 hell rats
  29 orc wizards
  2 wolf simulacra (Lair:2)
  7 acid dragon simulacra (IceCv)
  18 gnolls
  5 adders
  7 steam dragon simulacra (IceCv)
  A worm (D:2)
  2 dart slugs (D:1)
  63 orcs
  4 ball pythons
  An endoplasm (D:1)
  A giant cockroach (D:2)
  7 goblins
  7 hobgoblins
  3 jackals (D:4)
  2 quokkas
  4 bats
  2 frilled lizards (D:2)
  15 kobolds
  9 rats
  A spectral kobold (D:2)
757 creatures vanquished.

Vanquished Creatures (others)
  2 spectral weapons
2 creatures vanquished.

Grand Total: 759 creatures vanquished

Notes
Turn   | Place    | Note
-------+----------+-------------------------------------------
     0 | D:1      | Pooter the Minotaur Fighter began the quest for the Orb.
     0 | D:1      | Reached XP level 1. HP: 19/19 MP: 0/0
   140 | D:1      | Reached skill level 3 in Axes
   146 | D:1      | Reached XP level 2. HP: 22/27 MP: 1/1
   669 | D:1      | Reached XP level 3. HP: 32/33 MP: 2/2
   701 | D:2      | Reached skill level 4 in Axes
   824 | D:2      | Found a faded altar of an unknown god.
  1228 | D:3      | Reached XP level 4. HP: 19/41 MP: 3/3
  1412 | D:3      | Reached skill level 1 in Ranged Weapons
  1591 | D:3      | Found an ancient bone altar of Kikubaaqudgha.
  1635 | D:4      | Reached skill level 5 in Axes
  1678 | D:4      | Reached XP level 5. HP: 47/47 MP: 4/4
  1680 | D:4      | Reached skill level 5 in Fighting
  1906 | D:4      | Reached XP level 6. HP: 56/56 MP: 5/5
  2011 | D:4      | Reached skill level 6 in Axes
  2071 | D:4      | Found a staircase to the Ecumenical Temple.
  2077 | Temple   | Entered the Ecumenical Temple
  2280 | D:5      | Entered Level 5 of the Dungeon
  2280 | D:5      | Noticed Eustachio
  2302 | D:5      | Killed Eustachio
  2351 | D:5      | Reached skill level 7 in Axes
  2351 | D:5      | Reached XP level 7. HP: 57/62 MP: 6/6
  2449 | D:5      | Found Archei Ecyugo's General Store.
  2457 | D:5      | Bought a potion of might for 44 gold pieces
  2469 | D:5      | Noticed Sigmund
  3289 | D:5      | Identified the +8 long sword of the Narrow God {drain,
                  | +Blink Str+5 Int+2}
  3435 | D:5      | Reached skill level 8 in Axes
  3748 | D:5      | Killed Sigmund
  3749 | D:5      | Reached XP level 8. HP: 60/71 MP: 7/7
  3874 | D:5      | Reached skill level 9 in Axes
  4005 | D:6      | Reached skill level 5 in Ranged Weapons
  4409 | D:6      | Reached skill level 10 in Axes
  4601 | D:6      | Reached XP level 9. HP: 72/81 MP: 8/8
  4958 | D:6      | Noticed Maggie
  4965 | D:6      | Killed Maggie
  5140 | D:6      | Upgraded the game from 0.31-a0-818-ge7c7cf74f0 to
                  | 0.31-a0-819-gf6de2f5ab6
  5169 | D:7      | Reached skill level 11 in Axes
  5336 | D:5      | Bought a wand of light (7) for 323 gold pieces
  5462 | D:7      | Noticed Jeremiah
  5487 | D:7      | Found an iron altar of Okawaru.
  5488 | D:7      | Found a basalt altar of Yredelemnul.
  5488 | D:7      | Found a shimmering blue altar of Sif Muna.
  5489 | D:7      | Found a burning altar of Makhleb.
  5490 | D:7      | Found an opulent altar of Gozag.
  5490 | D:7      | Found a blossoming altar of Fedhas.
  5491 | D:7      | Found a sacrificial altar of Ru.
  5492 | D:7      | Found a stormy altar of Qazlal.
  5492 | D:7      | Found a sparkling altar of Nemelex Xobeh.
  5493 | D:7      | Found a glowing golden altar of the Shining One.
  5495 | D:7      | Became a worshipper of Warmaster Okawaru
  5518 | D:7      | Killed Jeremiah
  5744 | D:7      | Noticed Pikel
  5783 | D:7      | Reached skill level 12 in Axes
  5790 | D:7      | Killed Pikel
  5871 | D:7      | Reached * piety under Okawaru
  6020 | D:7      | Found a bloodstained altar of Trog.
  6379 | D:8      | Reached XP level 10. HP: 79/91 MP: 9/9
  6679 | D:8      | Found a white marble altar of Elyvilon.
  6681 | D:8      | Noticed Grum
  6694 | D:8      | Reached skill level 13 in Axes
  6705 | D:8      | Killed Grum
  6723 | D:8      | Reached skill level 10 in Fighting
  6724 | D:8      | Noticed Erica
  6734 | D:8      | Killed Erica
  6734 | D:8      | Reached ** piety under Okawaru
  7160 | D:8      | Found an ornate altar of the Wu Jian Council.
  7802 | D:9      | Found Zoibluer's General Store.
  7847 | D:9      | Bought a potion of invisibility for 96 gold pieces
  7847 | D:9      | Bought a scroll of identify for 24 gold pieces
  7880 | D:9      | Noticed a two-headed ogre
  7881 | D:9      | Reached *** piety under Okawaru
  7886 | D:9      | Killed a two-headed ogre
  7887 | D:9      | Reached skill level 14 in Axes
  8056 | D:9      | Found a staircase to the Lair.
  8059 | D:9      | Noticed a two-headed ogre
  8075 | D:9      | Reached XP level 11. HP: 54/101 MP: 10/10
  8076 | D:9      | Reached **** piety under Okawaru
  8080 | D:9      | Killed a two-headed ogre
  8688 | D:9      | Reached skill level 15 in Axes
  8896 | D:10     | Entered Level 10 of the Dungeon
  9148 | D:10     | Reached skill level 1 in Invocations
  9242 | D:10     | Reached ***** piety under Okawaru
  9243 | D:10     | Reached skill level 1 in Evocations
  9274 | D:10     | Found Jeopet's Magic Scroll Shop.
  9293 | D:10     | Noticed an obsidian statue
  9376 | D:10     | Noticed Snorg
  9387 | D:10     | Killed Snorg
 10409 | D:10     | Noticed a sun demon
 10571 | Lair:1   | Entered Level 1 of the Lair of Beasts
 10635 | Lair:1   | Reached skill level 10 in Ranged Weapons
 10823 | Lair:1   | Identified the +7 flail of Inconvenience {freeze, Str+3}
 10914 | D:10     | Bought 2 scrolls of identify for 68 gold pieces
 10914 | D:10     | Bought a scroll of identify for 34 gold pieces
 11300 | Lair:2   | Reached XP level 12. HP: 98/112 MP: 14/14
 11303 | Lair:2   | Received a gift from Okawaru
 11307 | Lair:2   | Reached skill level 16 in Axes
 11548 | Lair:2   | Found a frozen archway.
 11564 | IceCv    | Entered an ice cave
 12503 | IceCv    | Reached skill level 5 in Invocations
 12878 | IceCv    | Noticed a white draconian
 13388 | IceCv    | Killed a white draconian
 13996 | Lair:2   | Received a gift from Okawaru
 14497 | Lair:2   | Found a staircase to the Snake Pit.
 14979 | D:10     | Bought a scroll of identify for 34 gold pieces
 14979 | D:10     | Bought a scroll of identify for 34 gold pieces
 14979 | D:10     | Bought a scroll of identify for 34 gold pieces
 14979 | D:10     | Bought a scroll of fear for 68 gold pieces
 14979 | D:10     | Bought a scroll of identify for 34 gold pieces
 14979 | D:10     | Bought a scroll of identify for 34 gold pieces
 15232 | Lair:2   | Noticed an eight-headed hydra
 15232 | Lair:2   | Noticed an eight-headed hydra
 15232 | Lair:2   | Noticed Amaemon
 15275 | Lair:2   | Killed Amaemon
 15371 | Lair:2   | Killed an eight-headed hydra
 15372 | Lair:2   | Reached skill level 5 in Evocations
 15490 | Lair:2   | Reached XP level 13. HP: 108/122 MP: 18/18
 15782 | Lair:2   | Found a staircase to the Swamp.
 20146 | Lair:4   | Reached skill level 10 in Invocations
 22483 | Lair:4   | Reached skill level 1 in Dodging
 23279 | Lair:4   | Received a gift from Okawaru
 24188 | Lair:4   | Found a staircase to the Slime Pits.
 24234 | Lair:4   | Identified the +1 ring mail of the Great Game {Rampage
                  | Str+2 Int-4 Dex+3}
 24354 | Lair:4   | Found a runed translucent door.
 24878 | Lair:5   | Entered Level 5 of the Lair of Beasts
 25268 | Lair:5   | Noticed Kirke
 25274 | Arena    | Entered the Arena
 25280 | Arena    | Killed Kirke
 25380 | Lair:5   | Reached XP level 14. HP: 132/132 MP: 20/20
 25801 | Lair:5   | Reached skill level 5 in Armour
 25806 | Lair:5   | Received a gift from Okawaru
 26133 | Lair:5   | Reached skill level 5 in Dodging
 26273 | Lair:5   | Received a gift from Okawaru
 26530 | Lair:5   | Noticed Sonja
 26765 | Lair:5   | Killed Sonja
 27706 | D:11     | Identified the +9 dagger of the Volcano {spect, rPois rN+
                  | Str+3 Dex+2}
 27848 | D:11     | You fall into a shaft and drop 1 floor!
 27897 | D:12     | Found a staircase to the Orcish Mines.
 28383 | D:12     | Reached skill level 15 in Fighting
 28976 | D:11     | Reached XP level 15. HP: 117/141 MP: 22/22
 29022 | D:11     | Noticed Harold
 29029 | D:11     | Killed Harold
 29037 | D:11     | Reached ****** piety under Okawaru
 29280 | D:11     | Received a gift from Okawaru
 29391 | Orc:1    | Entered Level 1 of the Orcish Mines
 29391 | Orc:1    | Found Ublierouqep's Weapon Boutique.
 29562 | Orc:2    | Entered Level 2 of the Orcish Mines
 29565 | Orc:1    | Acquired the +6 arbalest "Damnation" {damnation}
 29565 | Orc:1    | Received a gift from Okawaru
 29565 | Orc:1    | Found the +6 arbalest "Damnation" {damnation}
 29568 | Orc:1    | Acquired the +9 plate armour "Offef" {rC+ Regen+ Str+3
                  | Int-5}
 29568 | Orc:1    | Received a gift from Okawaru
 29931 | Orc:2    | Noticed Saint Roka
 29951 | Orc:1    | Killed Saint Roka
 30399 | Orc:2    | Found a staircase to the Elven Halls.
 30417 | Orc:2    | Found Peetyera's Assorted Antiques.
 30423 | Orc:2    | Bought a potion of curing for 81 gold pieces
 30423 | Orc:2    | Bought a scroll of identify for 54 gold pieces
 30423 | Orc:2    | Bought a scroll of revelation for 202 gold pieces
 30423 | Orc:2    | Bought a scroll of blinking for 202 gold pieces
 30423 | Orc:2    | Bought a scroll of identify for 54 gold pieces
 30520 | Orc:2    | Received a gift from Okawaru
 31000 | Orc:2    | Found Firunasm's Jewellery Shop.
 31000 | Orc:2    | Found Tistra Meaf's Magic Scroll Shop.
 31022 | Orc:2    | Found Jysaaxea's Antique Armour Boutique.
 31026 | Orc:2    | Found Uplomaosm's General Store.
 31467 | Orc:2    | Bought a scroll of brand weapon for 161 gold pieces
 31467 | Orc:2    | Bought a scroll of enchant weapon for 127 gold pieces
 31467 | Orc:2    | Bought a scroll of enchant armour for 127 gold pieces
 31472 | Orc:2    | Bought a ring of poison resistance for 300 gold pieces
 31726 | D:5      | Bought the ring of Eghutane {rF+ Will+} for 429 gold pieces
 32527 | D:12     | Found a bloodstained altar of Trog.
 32923 | D:13     | Found a sacrificial altar of Ru.
 33437 | D:13     | Received a gift from Okawaru
 33521 | D:13     | Found a gate to the Vaults.
 33949 | D:14     | Identified the ring "Cutosiargh" {Wiz rF++ rC+ rCorr}
 33955 | D:14     | Reached skill level 15 in Ranged Weapons
 34031 | D:14     | Reached skill level 17 in Axes
 34512 | D:14     | Got a dog-eared book
 34517 | D:14     | Identified the +6 great sword "Labalita" {freeze, rPois}
 34700 | D:15     | Entered Level 15 of the Dungeon
 34944 | D:14     | Received a gift from Okawaru
 35023 | D:15     | Reached XP level 16. HP: 130/151 MP: 23/23
 37459 | D:15     | Found a staircase to the Depths.
 37970 | Snake:1  | Entered Level 1 of the Snake Pit
 37975 | Snake:1  | Noticed Rupert
 37982 | Snake:1  | Killed Rupert
 40013 | Snake:1  | Found a runed translucent door.
 40017 | Snake:1  | Noticed quinnr's ghost (journeyman TeAE)
 40038 | Snake:1  | Annihilated by quinnr's ghost

Illustrated notes

Levels and vault maps discovered:
D:1:      minmay_arrival_split_and_join, layout_rooms, minivault_27
D:2:      layout_rooms, serial_curves, eino_curves_04, eino_curves_04,
          dreamdust_ecumenical_altar_drowned_temple
D:3:      wander_river, layout_rooms, overflow_temple_1_default
D:4:      layout_basic, minmay_temple_entry_enclosed_plants
D:5:      minmay_spotlight, layout_basic, serial_shops,
          nicolae_shop_competitors_out_of_business, uniq_sigmund, uniq_eustachio
D:6:      kennysheep_steamy, layout_cave_pods, uniq_maggie
D:7:      layout_basic, nicolae_overflows_in_rows, mainiacjoe_overflow_brackets,
          uniq_jeremiah, uniq_pikel
D:8:      layout_basic, elyvilon_altar_3, nzn_wu_jian_contemplation, uniq_grum,
          uniq_erica
D:9:      layout_roguey, minmay_lair_entry_grove, serial_shops, shop
D:10:     layout_long_grid, serial_shops, nicolae_shop_peninsula,
          minmay_statue_bubble, uniq_snorg
D:11:     layout_roguey [special_room_orc], uniq_harold
D:12:     layout_basic, orc_0_dummy, trog_ov_bears_minmay
D:13:     layout_roguey, lightli_vaults_fourway_checkpoint,
          nicolae_ru_the_path_less_chosen
D:14:     layout_irregular_city, dk_noncrumbling_3, minmay_statues_item,
          chequers_serial_rivers_small_b
D:15:     grunt_enter_depths_magical_seal, layout_rooms, kennysheep_crisscross
Temple:   hellmonk_temple_forest_ring
Lair:1:   layout_big_grid, serial_bayou_pond_b
Lair:2:   layout_concentric_octagons, palyth_hydra_swamp_entry,
          minmay_snake_entry_six_corridors, portal_ice_cave_entry_ice_simulacra,
          uniq_amaemon
Lair:3:   layout_small_grid, chequers_serial_rivers_large_a
Lair:4:   layout_layer_cave, minmay_slime_entry_pillars, pf_torpor_hydra
Lair:5:   hangedman_lair_tendril_chambers, layout_layer_cave,
          eino_small_chamber_without_monster, cheibrodos_lair_lostbears,
          uniq_kirke, uniq_sonja
Snake:1:  layout_basic, ebering_ghost_reflecting_pool, grunt_megastairs_5,
          minmay_shop_star, uniq_rupert
Orc:1:    layout_caves, serial_shops, shop
Orc:2:    st_orc_mages, layout_caves, serial_shops, shop, uniq_saint_roka

Skill      XL: |  1  2  3  4  5  6  7  8  9 10 11 12 13 14 15 |
---------------+----------------------------------------------+-----
Axes           | 3 4 5 7 8 10 12 14 15 16 17 | 17.8
Fighting       | 4 5 6 8 9 10 11 13 14 15 16 | 16.5
Ranged Weapons | 1 2 3 4 5 7 9 10 11 12 13 15 | 15.8
Invocations    | 4 8 10 11 | 11.1
Evocations     | 2 5 6 7 |  7.9
Dodging        | 3 7 8 |  8.5
Armour         | 4 6 8 |  8.0
Shields        | |  3.6

Action                     |  1- 3 |  4- 6 |  7- 9 | 10-12 | 13-15 | 16-18 || total
---------------------------+-------+-------+-------+-------+-------+-------++-------
  Melee: War axe           |    85 |    48 |   141 |   313 |   453 |       ||  1040
         Headbutt          |     6 |     4 |    23 |    74 |   136 |       ||   243
         Long sword        |       |       |     3 |       |       |       ||     3
         Punch             |       |       |       |     7 |    13 |       ||    20
         Flail             |       |       |       |     6 |    32 |     1 ||    39
         Battleaxe         |       |       |       |       |    53 |     2 ||    55
   Fire: Sling             |    27 |    33 |    19 |       |       |       ||    79
         Orcbow            |       |       |    29 |    98 |   421 |       ||   548
         Arbalest          |       |       |       |       |   202 |    88 ||   290
  Throw: Stone             |       |     1 |     9 |       |       |       ||    10
         Dart              |       |       |       |    12 |    16 |       ||    28
 Invoke: Heroism           |       |       |       |    19 |    18 |     2 ||    39
         Finesse           |       |       |       |     1 |       |       ||     1
         Duel              |       |       |       |       |     1 |       ||     1
         Receive Weapon    |       |       |       |       |     1 |       ||     1
         Receive Armour    |       |       |       |       |     1 |       ||     1
  Evoke: Wand              |       |       |     1 |     5 |     8 |       ||    14
         Condenser vane    |       |       |       |       |     1 |       ||     1
    Use: Scroll            |     1 |     4 |    10 |    12 |    17 |     1 ||    45
         Potion            |       |       |       |     2 |     1 |       ||     3
   Stab: Distracted        |       |     1 |     1 |    13 |     8 |       ||    23
         Invisible         |       |       |       |       |     2 |       ||     2
 Armour: Scale mail        |    57 |     8 |       |       |       |       ||    65
         Chain mail        |       |    22 |    66 |       |       |       ||    88
         Plate armour      |       |       |    31 |   312 |   830 |    32 ||  1205
  Dodge: Dodged            |    37 |    25 |    44 |    94 |   383 |    22 ||   605
  Block: Buckler           |    31 |     6 |    12 |       |       |       ||    49

Table legend: (Time is in decaauts)
 A = Elapsed time spent in this place.
 B = Non-inter-level travel time spent in this place.
 C = Inter-level travel time spent in this place.
 D = Time resting spent in this place.
 E = Time spent auto-exploring this place.
 F = Levels seen in this place.
 G = Mean time per level.
                   A        B        C        D        E       F      G
               +--------+--------+--------+--------+--------+-----+--------+
         Total |  40112 |  38077 |   2035 |  19197 |  13684 |  26 | 1542.8 |
       Dungeon |  19435 |  18001 |   1434 |   6702 |   8354 |  15 | 1295.7 |
        Temple |     32 |     32 |      0 |      0 |      0 |   1 |   32.0 |
          Lair |  14297 |  13795 |    502 |   7879 |   4465 |   5 | 2859.4 |
     Snake Pit |   2037 |   2037 |      0 |   1851 |     96 |   1 | 2037.0 |
  Orcish Mines |   2147 |   2049 |     98 |    903 |    748 |   2 | 1073.5 |
      Ice Cave |   2138 |   2138 |      0 |   1846 |     21 |   1 | 2138.0 |
         Arena |     23 |     23 |      0 |     14 |      0 |   1 |   23.0 |
               +--------+--------+--------+--------+--------+-----+--------+

Top non-repeatable levels by time:
  Lair:4: 4890 daAuts
  Lair:3: 3549 daAuts
  Lair:2: 2929 daAuts
    D:15: 2739 daAuts
  Lair:5: 2235 daAuts
   IceCv: 2138 daAuts
 Snake:1: 2037 daAuts
    D:10: 1925 daAuts
    D:12: 1848 daAuts
     D:8: 1826 daAuts
     D:5: 1757 daAuts
    D:14: 1525 daAuts
     D:6: 1303 daAuts
   Orc:2: 1298 daAuts
     D:9: 1252 daAuts
